 Dungeon Crawl Stone Soup version 0.22-a0-533-g4d20840e7c (webtiles) character file.

202 CakeIsGreat the Skirmisher (level 5, -9/34 HPs)
             Began as a Gargoyle Fighter on June 22, 2018.
             Was an Initiate of Okawaru.
             Killed by divine providence
             ... invoked by an orc priest
              (12 damage)
             ... on level 4 of the Dungeon.
             The game lasted 00:04:57 (2598 turns).

CakeIsGreat the Skirmisher (Gargoyle Fighter)       Turns: 2598, Time: 00:04:59

Health: -9/34      AC: 14    Str: 21    XL:     5   Next: 80%
Magic:  5/5        EV:  7    Int: 12    God:    Okawaru [......]
Gold:   191        SH:  9    Dex:  9    Spells: 4/4 levels left

rFire    x . .     SeeInvis .   a - +0 flail
rCold    + . .     Gourm    .   c - +0 shield
rNeg     + . .     Faith    .   b - +0 scale mail
rPois    ∞         Spirit   .   s - +2 helmet
rElec    +         Reflect  .   E - scarf {repulsion}
rCorr    .         Harm     .   (no gloves)
MR       .....                  (no boots)
Stlth    ..........             (no amulet)
HPRegen  0.11/turn              A - +4 ring of intelligence
MPRegen  0.09/turn              D - ring of ice

@: repel missiles
A: negative energy resistance 1, electricity resistance, unbreathing,
petrification resistance, rot immunity, AC +4
a: Renounce Religion


You were on level 4 of the Dungeon.
You worshipped Okawaru.
Okawaru was noncommittal.
You were not hungry.

You visited 2 branches of the dungeon, and saw 5 of its levels.

You collected 191 gold pieces.

Inventory:

Hand Weapons
 a - a +0 flail (weapon)
Missiles
 n - 99 stones (quivered)
 u - 8 tomahawks
Armour
 b - a +0 scale mail (worn)
 c - a +0 shield (worn)
 r - a scarf of cloud immunity
 s - a +2 helmet (worn)
 E - a scarf of repulsion (worn)
Jewellery
 z - an uncursed amulet of magic regeneration
 A - a +4 ring of intelligence (left hand)
 D - a ring of ice (right hand)
Wands
 y - a wand of iceblast (5)
Scrolls
 e - 2 scrolls of blinking {unknown}
 h - 9 scrolls of identify {unknown}
 j - 2 scrolls of teleportation {unknown}
 l - a scroll of immolation {unknown}
 o - 2 scrolls of enchant armour {unknown}
 q - a scroll of remove curse {unknown}
 x - a scroll of random uselessness {unknown}
 B - a scroll of fog {unknown}
 C - a scroll of fear {unknown}
Potions
 d - a potion of might
 i - a potion of brilliance
 k - 2 potions of cancellation
 m - 3 potions of heal wounds {unknown}
 t - a potion of haste {unknown}
 v - a potion of flight {unknown}
 w - 2 potions of curing {unknown}
Comestibles
 f - 9 rations


   Skills:
 * Level 4.4 Fighting
 * Level 3.2 Maces & Flails
 + Level 1.2 Throwing
 * Level 4.3 Armour
 * Level 4.2 Shields


You had 4 spell levels left.
You didn't know any spells.
Your spell library was empty.

Dungeon Overview and Level Annotations

Branches:
Dungeon (4/15)             Temple (1/1) D:4

Altars:
Cheibriados
Elyvilon
Fedhas
Makhleb
Nemelex Xobeh
Okawaru
Qazlal
Ru
Sif Muna
Trog
Vehumet
Wu Jian
Yredelemnul
The Shining One


Innate Abilities, Weirdness & Mutations

You are resistant to torment.
Your stone body is resilient. (AC +4)
You are immune to poison.
You resist negative energy. (rN+)
You are resistant to electric shocks. (rElec)
You can survive without breathing.
You are immune to petrification.
You are immune to rotting.


Message History

The haze of the repulsion field disappears.
Your roots penetrate the ground.
The orc priest hits you but does no damage.
You block the orc's attack.
It was a potion of brilliance.
You feel clever all of a sudden. You block the orc priest's attack.
It was a potion of cancellation.
Your magical effects are unravelling.
You feel magically purged.
You feel less wooden.
Your scarf of repulsion unmelds from your body.
Your +2 helmet unmelds from your body.
Your +0 scale mail unmelds from your body.
You are surrounded by a repulsion field.
You feel a little less clever now. The orc hits you but does no damage.
You block the orc priest's attack.
The orc priest mumbles some strange prayers to Beogh against you.
Beogh smites you!
You die...

#........####.#
#.###.#.......#
#.......#...###
#..##.#......## #
#..##.........#.#
#....##.........#
##.#.........####
#.####.#....#
#...<..#@o..#
######.8o#..#
#...o..## #
#8.>.8.####.###
#......#...... #
#####.8.#.#.##.##.#.
...............[...#
..................#
.............[.....#


You could see 2 orc priests and an orc.

Vanquished Creatures
  A scorpion (D:4)
  A bullfrog skeleton (D:4)
  A worker ant (D:3)
  3 adders
  An ooze (D:2)
  2 worms
  A dart slug (D:1)
  An orc (D:4)
  3 ball pythons
  7 bats
  5 giant cockroaches
  6 hobgoblins
  12 kobolds
  3 quokkas
  6 frilled lizards
  3 goblins
  10 rats
66 creatures vanquished.

Notes
Turn   | Place    | Note
-------+----------+-------------------------------------------
     0 | D:1      | CakeIsGreat the Gargoyle Fighter began the quest for the Orb.
     0 | D:1      | Reached XP level 1. HP: 14/14 MP: 1/1
   292 | D:1      | Reached XP level 2. HP: 19/19 MP: 2/2
   951 | D:2      | Reached XP level 3. HP: 23/23 MP: 3/3
   954 | D:2      | Found a sparkling altar of Nemelex Xobeh.
  1364 | D:2      | Reached XP level 4. HP: 23/29 MP: 4/4
  2116 | D:3      | Reached skill level 1 in Throwing
  2116 | D:3      | Reached XP level 5. HP: 31/33 MP: 5/5
  2227 | D:4      | Found a blossoming altar of Fedhas.
  2272 | D:4      | Found a staircase to the Ecumenical Temple.
  2304 | Temple   | Entered the Ecumenical Temple
  2419 | Temple   | Became a worshipper of Warmaster Okawaru
  2598 | D:4      | Killed from afar by an orc priest

Vault maps used:
D:1:      lemuel_arrival_river_ford, minmay_tree_intersection
D:2:      nicolae_overflow_crystal_walls, kennysheep_generic_room_7
D:3:      nrook_mini_vaults
D:4:      marbit_many_paths, minmay_temple_entry_statues_pillars, first_ration,
          serial_shops, shop_fountains, fedhas_altar_3
Temple:   dshaligram_water_room_temple

Skill      XL: |  1  2  3  4  5 |
---------------+----------------+-----
Fighting       | 4 |  4.4
Armour         | 4 |  4.3
Throwing       | 1 |  1.2
Shields        | 4 |  4.2
Maces & Flails | 3 |  3.2

Action                   |  1- 3 |  4- 6 || total
-------------------------+-------+-------++-------
Melee: Flail             |   159 |   119 ||   278
  Use: Potion            |       |     3 ||     3
  Eat: Chunk             |     2 |     4 ||     6
Armor: Scale mail        |    99 |    70 ||   169
Dodge: Dodged            |    46 |    38 ||    84
Block: Shield            |    81 |    65 ||   146

Table legend:
 A = Spawn XP
 B = Non-spawn XP
 C = Spawn XP percentage of total XP
 D = Spawn monster count
 E = Non-spawn monster count
 F = Spawn count percentage of total count
 G = Total turns spent on level
                    A         B        C        D         E        F      G
               +---------+---------+-------+---------+---------+-------+---------
         Total |       0 |     289 |   0.0 |       0 |      66 |   0.0 |  2598
               +---------+---------+-------+---------+---------+-------+---------
           D:1 |       0 |      27 |   0.0 |       0 |      16 |   0.0 |   897
           D:2 |       0 |      67 |   0.0 |       0 |      29 |   0.0 |   764
           D:3 |       0 |      81 |   0.0 |       0 |      17 |   0.0 |   561
           D:4 |       0 |     114 |   0.0 |       0 |       4 |   0.0 |   240
               +---------+---------+-------+---------+---------+-------+---------
